 Dungeon Crawl Stone Soup version 0.30-a0-808-g6e0788376e (webtiles) character file.

Game seed: 1214120574769690684

5952 cforsyth the Covert (level 11, -2/63 HPs)
             Began as a Kobold Brigand on Feb 26, 2023.
             Was a Believer of Hepliaklqana.
             Slain by a warg (9 damage)
             ... on level 7 of the Dungeon.
             The game lasted 00:14:19 (8542 turns).

cforsyth the Covert (Kobold Brigand)                Turns: 8542, Time: 00:14:19

Health: -2/63      AC: 11    Str:  9    XL:     11   Next: 9%
Magic:  11/11      EV: 22    Int: 12    God:    Hepliaklqana [**....]
Gold:   402        SH:  0    Dex: 21    Spells: 10/10 levels left

rFire   . . .      SeeInvis .    B - +4 dagger "Mixkizub" {flame, Drain Fly rC+}
rCold   + . .      Faith    .    (no shield)
rNeg    . . .      Spirit   .    g - +2 robe {Will+}
rPois   .          Reflect  .    C - +2 hat
rElec   .          Harm     .    H - +1 cloak {Stlth+}
rCorr   +          Rampage  .    (no gloves)
Will    +....                    r - +2 pair of boots
Stlth   +++++++                  (no amulet)
HPRegen 0.30/turn                o - ring of resist corrosion
MPRegen 0.12/turn                u - +4 ring of slaying

@: flying
A: reduced essence, small, no large weapons, nightstalker 3
a: Renounce Religion, Recall Ancestor, Ancestor Identity


You were on level 7 of the Dungeon.
You worshipped Hepliaklqana.
Hepliaklqana was pleased with you.
You visited 2 branches of the dungeon, and saw 9 of its levels.
You also visited: Sewer.

You collected 402 gold pieces.

Inventory:

Hand Weapons
 a - a +2 dagger
 B - the +4 dagger "Mixkizub" (weapon) {flame, Drain Fly rC+}
   (You found it on level 4 of the Dungeon)

   rC:        It protects you from cold.
   Fly:       It grants you flight.
   Drain:     It drains your maximum health when unequipped.
Missiles
 d - 46 poisoned darts (quivered)
 e - 15 curare-tipped darts
Armour
 g - a +2 robe of willpower (worn)
 r - a +2 pair of boots (worn)
 C - a +2 hat (worn)
 H - a +1 cloak of stealth (worn)
Jewellery
 m - a +6 ring of strength
 o - a ring of resist corrosion (left hand)
 u - a +4 ring of slaying (right hand)
 x - a ring of protection from cold
 z - a ring of fire
 A - a +6 ring of intelligence
 I - an amulet of regeneration
Wands
 h - a wand of mindburst (24)
 w - a wand of acid (6)
Scrolls
 b - 4 scrolls of magic mapping {unknown}
 c - 2 scrolls of immolation
 j - 5 scrolls of fear
 k - 3 scrolls of enchant armour
 n - 2 scrolls of acquirement {unknown}
 p - 6 scrolls of teleportation
 v - 2 scrolls of silence
 y - a scroll of poison
 J - a scroll of identify
Potions
 f - a potion of attraction
 i - 2 potions of flight
 l - 6 potions of curing
 q - 4 potions of haste
 s - 2 potions of resistance
 t - a potion of experience
 D - 3 potions of brilliance
 E - a potion of heal wounds
 F - a potion of berserk rage
 G - a potion of ambrosia


   Skills:
 + Level 9.0 Fighting
 + Level 10.7 Short Blades
 - Level 2.1 Throwing
 + Level 9.7 Dodging
 + Level 12.4 Stealth


You had 10 spell levels left.
You didn't know any spells.
Your spell library contained the following spells:

 Spells                   Type           Power      Damage    Failure   Level
 Apportation              Tloc           0%         N/A       32%         1
 Necrotise                Necr           0%         1d4       32%         1
 Summon Small Mammal      Summ           0%         N/A       32%         1
 Cause Fear               Hex            0%         N/A       97%         4
 Dragon Form              Tmut           0%         N/A       100%        7
 Dragon's Call            Summ           0%         N/A       100%        9


Dungeon Overview and Level Annotations

Branches:
Dungeon (8/15)             Temple (1/1) D:4            Lair (0/5) D:8
  Sewer (visited)

Altars:
Ashenzari
Cheibriados
Dithmenos
Elyvilon
Fedhas
Gozag
Hepliaklqana
Kikubaaqudgha
Makhleb
Nemelex Xobeh
Okawaru
Qazlal
Ru
Sif Muna
Trog
Uskayaw
Vehumet
Wu Jian
Xom
Yredelemnul
Zin
The Shining One


Innate Abilities, Weirdness & Mutations

Your life essence is reduced to manifest your ancestor. (-10% HP)
You are small and have problems with some larger weapons.
You are completely attuned to the shadows.


Message History

Æðelind hits the orc priest with a +0 dagger of draining. Æðelind drains the orc priest.
You feel much better. The warg misses you.
The warg barely misses Æðelind.
The orc priest barely misses Æðelind. Æðelind hits the orc priest with a +0 dagger of draining.
The warg bites you!
* * * LOW HITPOINT WARNING * * *
Æðelind hits the orc priest with a +0 dagger of draining!
The orc priest dies! Æðelind hits the orc with a +0 dagger of draining.
The warg misses you. Æðelind closely misses the orc.
The orc hits something with a +0 club.
Unknown command.
The warg bites you but does no damage. The warg attacks as you move away!
The warg misses you. Æðelind has departed this plane of existence.
The warg misses you.
You hear a shout!
You feel a bit more experienced. The warg misses you.
The warg attacks as you move away! The warg bites you!
* * * LOW HITPOINT WARNING * * *
The orc wizard gestures wildly while chanting.
The orc wizard flickers and vanishes!
Deactivating autopickup; reactivate with Ctrl-A.
The warg attacks as you move away! The warg misses you.
The warg bites you but does no damage.
There is a stone staircase leading up here.
The warg closely misses you.
You fly upwards.
Reactivating autopickup.
There is a stone staircase leading down here.
Unknown command.
You barely miss the warg. The warg completely misses you.
You puncture the warg! You burn the warg.
The warg is moderately wounded.
You hit the warg. You burn the warg.
The warg is heavily wounded.
The warg bites you!
You die...

#.##..##.............# #.#.
#.##..##...######..#.# #.#.
#.##..###.># #..#.# #.#. #.##..#
#(.######..#.# #.#.
#.##..###.......#..#.# #.#. #
#.##..#.....###.#..#.#######.#R
###.##..#...>.###................
.....................############
#######.........@h...# #
###.....######## #######


You could see a warg.

Vanquished Creatures
  Pikel (D:4)
  A hornet (D:8)
  Sigmund (D:3)
  7 yaks
  A wyvern (D:8)
  A steam dragon (D:7)
  3 water moccasins
  2 black bears (D:6)
  An orc warrior (D:6)
  2 ice beasts
  2 ogres
  2 centaurs (D:6)
  A lemure (D:4)
  4 kobold brigands
  2 phantoms
  3 necrophages
  2 bullfrogs
  5 scorpions
  5 wights (D:4)
  6 electric eels
  A hound (D:5)
  2 gnoll boudas (D:8)
  3 jellies
  Crazy Yiuf (D:3)
  7 orc priests
  7 orc wizards
  3 iguanas
  9 gnolls
  11 adders
  5 river rats
  A shadow imp (D:6)
  A white imp (D:6)
  3 worms
  3 dart slugs
  16 orcs
  7 endoplasms
  5 giant cockroaches
  8 goblins
  6 hobgoblins
  6 quokkas
  14 ball pythons
  9 bats
  6 frilled lizards
  28 kobolds
  10 rats
224 creatures vanquished.

Vanquished Creatures (collateral kills)
  A yak (D:7)
  An orc priest (D:8)
  2 gnolls (D:8)
  2 kobolds (D:7)
6 creatures vanquished.

Vanquished Creatures (others)
  A hexer (D:8)
  10 fungi (D:4)
  5 plants (Sewer)
16 creatures vanquished.

Grand Total: 246 creatures vanquished

Notes
Turn   | Place    | Note
-------+----------+-------------------------------------------
     0 | D:1      | cforsyth the Kobold Brigand began the quest for the Orb.
     0 | D:1      | Reached XP level 1. HP: 12/12 MP: 1/1
   138 | D:1      | Reached XP level 2. HP: 15/18 MP: 2/2
   594 | D:1      | Reached XP level 3. HP: 22/22 MP: 3/3
  1312 | D:2      | Reached XP level 4. HP: 25/27 MP: 4/4
  1715 | D:3      | Noticed Sigmund
  1725 | D:3      | Killed Sigmund
  1726 | D:3      | Reached skill level 6 in Stealth
  1726 | D:3      | Reached XP level 5. HP: 27/33 MP: 5/5
  1726 | D:3      | Reached XP level 6. HP: 31/38 MP: 6/6
  2207 | D:3      | Found a glowing drain.
  2215 | Sewer    | Entered a sewer
  2494 | Sewer    | Reached skill level 5 in Short Blades
  2494 | Sewer    | Reached skill level 7 in Stealth
  2494 | Sewer    | Reached XP level 7. HP: 21/43 MP: 7/7
  2927 | D:3      | You fall into a shaft and drop 3 floors!
  2987 | D:5      | Entered Level 5 of the Dungeon
  3094 | D:5      | Found a burning altar of Makhleb.
  3096 | D:5      | Noticed a balrug
  3097 | D:5      | Noticed a neqoxec
  3097 | D:5      | Noticed a smoke demon
  3966 | D:4      | Found a staircase to the Ecumenical Temple.
  3977 | D:4      | Identified the +4 dagger "Mixkizub" {flame, Drain Fly rC+}
  4037 | D:4      | Noticed Pikel
  4068 | D:4      | Killed Pikel
  4069 | D:4      | Reached skill level 5 in Fighting
  4069 | D:4      | Reached skill level 5 in Dodging
  4069 | D:4      | Reached skill level 8 in Stealth
  4069 | D:4      | Reached XP level 8. HP: 29/50 MP: 8/8
  4283 | D:4      | Reached skill level 9 in Stealth
  4377 | Temple   | Entered the Ecumenical Temple
  4380 | Temple   | Found a transporter.
  4380 | Temple   | Found a transporter.
  4382 | Temple   | Found a transporter.
  4382 | Temple   | Found a transporter.
  4390 | Temple   | Became a worshipper of Hepliaklqana the Forgotten
  4617 | D:4      | Reached XP level 9. HP: 55/55 MP: 9/9
  5120 | D:3      | Found a runed translucent door.
  5121 | D:3      | Identified the +8 hammer of Cunishruh {drain, Str+2 Dex+4}
  5123 | D:3      | Noticed Crazy Yiuf
  5128 | D:3      | Killed Crazy Yiuf
  5581 | D:4      | Reached skill level 10 in Stealth
  6363 | D:6      | Reached XP level 10. HP: 63/63 MP: 10/10
  6633 | D:6      | Reached skill level 11 in Stealth
  6767 | D:6      | Identified the +3 ring mail of Kleptomania {+Inv rC- rCorr
                  | Dex+6}
  6887 | D:6      | Reached * piety under Hepliaklqana
  7199 | D:7      | Found a blossoming altar of Fedhas.
  7496 | D:7      | Reached skill level 10 in Short Blades
  8036 | D:8      | Reached skill level 12 in Stealth
  8069 | D:8      | Found a basalt altar of Yredelemnul.
  8126 | D:8      | Reached XP level 11. HP: 50/62 MP: 11/11
  8179 | D:8      | Identified the +1 scale mail "Seashuden" {rF+ Int+3}
  8296 | D:8      | Reached ** piety under Hepliaklqana
  8297 | D:8      | Remembered your ancestor Æðelind as a hexer
  8511 | D:8      | Found a staircase to the Lair.
  8521 | D:8      | HP: 2/63 [orc priest/divine providence (15)]
  8542 | D:7      | Slain by a warg

Illustrated notes

Levels and vault maps discovered:
D:1:      matt_arrival_los_fun, layout_basic
D:2:      layout_basic
D:3:      layout_rooms, lightli_sewer_entry_pipes, minmay_misc_feat_tiny,
          uniq_crazy_yiuf_cottage, uniq_sigmund
D:4:      old_forge, layout_basic, temple_pool_b, kennysheep_generic_room_5,
          uniq_pikel
D:5:      layout_loops_corners, makhleb_altar_promises_db,
          chequers_serial_rivers_room_b, corexii_hall_statues_l
D:6:      cheibrodos_quashed, layout_loops_cross, dreamdust_wishing_well,
          kb_lookout_dungeons_type, water_maze_lemuel
D:7:      layout_loops_ring, mainiacjoe_overflow_catwalk, minmay_holes,
          nrook_pool_corridor
D:8:      layout_gridville, mainiacjoe_overflow_concentric_impassable,
          erik_lair_orcish_takeover
Temple:   hellmonk_temple_divided_pantheon

Skill      XL: |  1  2  3  4  5  6  7  8  9 10 11 |
---------------+----------------------------------+-----
Short Blades   | 3 4 5 6 7 8 10 | 10.7
Dodging        | 2 3 4 5 6 7 9 |  9.7
Fighting       | 3 4 5 6 7 8 9 |  9.0
Stealth        | 6 7 8 9 10 12 | 12.4
Throwing       | |  2.1

Action                     |  1- 3 |  4- 6 |  7- 9 | 10-12 || total
---------------------------+-------+-------+-------+-------++-------
  Melee: Dagger            |    64 |   201 |   223 |   198 ||   686
         Punch             |     1 |     3 |     4 |     5 ||    13
 Invoke: Ancestor Life: He |       |       |       |     1 ||     1
         Ancestor Identity |       |       |       |     1 ||     1
    Use: Scroll            |       |     6 |     8 |     1 ||    15
         Potion            |       |     4 |       |     1 ||     5
   Stab: Sleeping          |    21 |    23 |    34 |    18 ||    96
         Distracted        |       |       |     2 |     1 ||     3
         Confused          |       |       |       |     1 ||     1
 Armour: Robe              |     8 |    25 |    33 |    26 ||    92
  Dodge: Dodged            |    21 |    84 |   121 |   111 ||   337

Table legend: (Time is in decaauts)
 A = Elapsed time spent in this place.
 B = Non-inter-level travel time spent in this place.
 C = Inter-level travel time spent in this place.
 D = Time resting spent in this place.
 E = Time spent auto-exploring this place.
 F = Levels seen in this place.
 G = Mean time per level.
                   A        B        C        D        E       F      G
               +--------+--------+--------+--------+--------+-----+--------+
         Total |   8437 |   8075 |    362 |    223 |   6281 |  10 |  843.7 |
       Dungeon |   7765 |   7412 |    353 |    223 |   5840 |   8 |  970.6 |
        Temple |     79 |     71 |      8 |      0 |     32 |   1 |   79.0 |
         Sewer |    592 |    592 |      0 |      0 |    409 |   1 |  592.0 |
               +--------+--------+--------+--------+--------+-----+--------+

Top non-repeatable levels by time:
     D:4: 1347 daAuts
     D:5: 1330 daAuts
     D:6: 1094 daAuts
     D:3: 967 daAuts
     D:2: 885 daAuts
     D:1: 798 daAuts
     D:7: 757 daAuts
   Sewer: 592 daAuts
     D:8: 583 daAuts
  Temple: 79 daAuts
